 Dungeon Crawl Stone Soup version 0.31.0-11-ge490571c62 (webtiles) character file.

Game seed: 11714336936133596038

8884 Fodor the Severer (level 11, -4/95 HPs)
             Began as a Minotaur Fighter on Feb 8, 2024.
             Was an Initiate of Gozag.
             Splashed by a brown ugly thing's acid (7 damage)
             ... on level 9 of the Dungeon.
             The game lasted 00:39:39 (9117 turns).

Fodor the Severer (Minotaur Fighter)                Turns: 9117, Time: 00:39:42

Health: -4/95      AC: 19    Str: 31    XL:     11   Next: 15%
Magic:  0/10       EV: 10    Int:  5    God:    Gozag
Gold:   1245       SH:  0    Dex: 10    Spells: 10/10 levels left

rFire   . . .        a - +3 battleaxe
rCold   . . .        (shield currently unavailable)
rNeg    + . .        y - +0 chain mail
rPois   .            (helmet restricted)
rElec   .            r - +2 cloak
rCorr   .            e - +1 pair of gloves
SInv    .            h - +0 pair of boots
Will    .....        l - amulet of guardian spirit Stlth
                     v - +6 ring of strength
HPRegen 0.35/turn    x - ring of Ole Yggo {Fly rN+}
MPRegen 0.12/turn

%: guardian spirit
@: mighty, flying
A: horns 2, retaliatory headbutt
a: Renounce Religion, Potion Petition, Call Merchant, Bribe Branch


You were on level 9 of the Dungeon.
You worshipped Gozag.
Gozag was most pleased with you.
You visited 2 branches of the dungeon, and saw 10 of its levels.

You collected 1301 gold pieces.
You paid 56 gold pieces to Gozag.

Inventory:

Hand Weapons
 a - a +3 battleaxe (weapon)
 A - a +0 shortbow
Armour
 c - a +0 buckler
 e - a +1 pair of gloves (worn)
 h - a +0 pair of boots (worn)
 r - a +2 cloak (worn)
 y - a +0 chain mail (worn)
Jewellery
 l - an amulet of guardian spirit (around neck)
 v - a +6 ring of strength (left hand)
 x - the ring of Ole Yggo (right hand) {Fly rN+}
   (You found it on level 5 of the Dungeon)

   [ring of flight]

   rN+:       It protects you from negative energy.
   Fly:       It grants you flight.
 z - a ring of magical power
 G - an amulet of the acrobat
Wands
 b - a wand of acid (7)
 k - a wand of mindburst (13)
 p - a wand of flame (44)
 w - a wand of polymorph (4)
 D - a wand of roots (16)
Scrolls
 f - a scroll of summoning
 g - 2 scrolls of noise
 j - a scroll of silence
 o - 2 scrolls of revelation
 t - 2 scrolls of blinking {unknown}
 u - 2 scrolls of torment {unknown}
 B - a scroll of vulnerability {unknown}
 F - a scroll of enchant weapon
 H - a scroll of poison {unknown}
 I - a scroll of fog {unknown}
 K - a scroll of identify
Potions
 d - a potion of might
 i - 8 potions of degeneration
 m - a potion of cancellation {unknown}
 n - 3 potions of mutation {unknown}
 q - 2 potions of curing {unknown}
 s - 3 potions of attraction {unknown}
 C - a potion of lignification {unknown}
 E - 2 potions of ambrosia
 J - a potion of haste {unknown}


   Skills:
 + Level 8.9 Fighting
 + Level 15.0(15.1) Axes
 + Level 2.8(10.2) Polearms
 + Level 10.6 Armour
 + Level 3.8 Dodging
 + Level 1.9 Stealth
 + Level 4.1 Shields


You had 10 spell levels left.
You didn't know any spells.
Your spell library contained the following spells:

 Spells                   Type           Power      Damage    Failure   Level
 Summon Small Mammal      Summ           0%         N/A       86%         1
 Blink                    Tloc           0%         N/A       94%         2
 Lesser Beckoning         Tloc           0%         N/A       94%         2
 Momentum Strike          Conj/Tloc      0%         3d8       94%         2
 Call Canine Familiar     Summ           0%         N/A       99%         3
 Summon Blazeheart Golem  Fire/Summ      0%         N/A       100%        4


Dungeon Overview and Level Annotations

Branches:
Dungeon (9/15)             Temple (1/1) D:5            Lair (0/5) D:9
    Orc: D:9-12

Altars:
Ashenzari
Dithmenos
Elyvilon
Fedhas
Gozag
Hepliaklqana
Kikubaaqudgha
Makhleb
Nemelex Xobeh
Okawaru
Qazlal
Ru
Sif Muna
Trog
Uskayaw
Vehumet
Wu Jian
Xom
Yredelemnul
Zin
The Shining One

Shops:
D:1 !


Innate Abilities, Weirdness & Mutations

You have a pair of horns on your head.
You reflexively headbutt those who attack you in melee.


Message History

You slash Gadfly's ghost!
You destroy Gadfly's ghost!
You feel sick.
Your Axes skill increases to level 15!
You feel sick.
You now have 1208 gold pieces (gained 13).
You feel sick.
You feel sick.
You now have 1214 gold pieces (gained 6).
You feel sick.
You feel sick.
You feel sick.
You are no longer poisoned.
You now have 1230 gold pieces (gained 16).
Things that are here:
a +0 orcbow; 2 stones You now have 1245 gold pieces (gained 15).
Things that are here:
a +0 orcbow; 2 stones You barely miss the brown ugly thing.
The brown ugly thing kicks you!
* * * LOW HITPOINT WARNING * * *
You are splashed with acid.
* * * LOW HITPOINT WARNING * * *
You barely miss the brown ugly thing.
Your headbutt misses the brown ugly thing.
The brown ugly thing kicks you!
* * * LOW HITPOINT WARNING * * *
You are splashed with acid!
* * * LOW HITPOINT WARNING * * *
You slice the brown ugly thing!!
The brown ugly thing is heavily wounded.
The brown ugly thing barely misses you.
You slash the brown ugly thing!
Your headbutt misses the brown ugly thing.
The brown ugly thing is severely wounded.
The brown ugly thing kicks you.
* * * LOW HITPOINT WARNING * * *
You are splashed with acid!
You die...
Your body crumbles into a pile of gold.

##...###...... # ##..##
#...... ## ###.##.#
##..... .## ##.)#####
##.... ..## ##..## ##...
...## ###..## #..)
....### ##...### ##..
......#######......## ##.
................@...###
#.
.#..............u.....##
##
###...#########........##
# #...#.....zy#.........#
# ##..#.......#.........#
#..#.[.....'.........#
####..#.?.....'........##
..##..#.$.....'........#
......#.......#.......##


You could see a brown ugly thing.

Vanquished Creatures
  A centaur warrior (D:9)
  The ghost of Gadfly the Prestidigitator, a novice DsMo of Ru (D:9)
  2 unseen horrors
  A kobold demonologist (D:9)
  A hornet (D:8)
  Sigmund (D:4)
  The ghost of TheBioAlchemist the Sneak, an amateur SpEn (D:4)
  9 yaks
  A wyvern (D:9)
  A basilisk (D:9)
  Menkaure (D:4)
  2 water moccasins
  2 acid dragons (D:8)
  Edmund (D:4)
  An orc warrior (D:8)
  A sky beast (D:6)
  A black bear (D:6)
  An ice beast (D:7)
  6 ogres
  6 centaurs
  A kobold brigand (D:7)
  2 bullfrogs
  Blork the orc (D:4)
  2 scorpions
  18 wights
  11 killer bees
  A jelly (D:6)
  A howler monkey (D:7)
  3 bombardier beetles
  A hound (D:6)
  Crazy Yiuf (D:6)
  6 orc priests
  5 sleepcaps
  3 iguanas
  Natasha (thrice) (D:4)
  7 orc wizards
  4 gnolls (D:6)
  6 adders
  A shadow imp (D:7)
  2 white imps
  The ghost of zenocrate the Sneak, a weakling DgDe (D:5)
  2 dart slugs
  19 orcs
  8 endoplasms
  2 giant cockroaches
  3 hobgoblins
  8 kobolds
  6 ball pythons
  3 bats
  2 frilled lizards
  6 goblins
  5 rats
185 creatures vanquished.

Vanquished Creatures (others)
  An orc wizard (D:8)
1 creature vanquished.

Grand Total: 186 creatures vanquished

Notes
Turn   | Place    | Note
-------+----------+-------------------------------------------
     0 | D:1      | Fodor the Minotaur Fighter began the quest for the Orb.
     0 | D:1      | Reached XP level 1. HP: 19/19 MP: 0/0
   104 | D:1      | Reached skill level 3 in Axes
   180 | D:1      | Reached XP level 2. HP: 24/27 MP: 1/1
   356 | D:1      | Found Gathris's Distillery.
  1325 | D:2      | Reached XP level 3. HP: 33/33 MP: 2/2
  1450 | D:2      | Found a faded altar of an unknown god.
  2215 | D:4      | Noticed a scorpion
  2221 | D:4      | Killed a scorpion
  2222 | D:4      | Reached skill level 4 in Axes
  2222 | D:4      | Reached XP level 4. HP: 35/40 MP: 1/3
  2228 | D:4      | Noticed Natasha
  2238 | D:4      | Killed Natasha
  2290 | D:4      | Noticed Menkaure
  2296 | D:4      | Killed Menkaure
  2297 | D:4      | Reached skill level 5 in Axes
  2297 | D:4      | Reached XP level 5. HP: 12/47 MP: 0/4
  2451 | D:4      | Noticed Sigmund
  2462 | D:4      | Killed Sigmund
  2463 | D:4      | Reached skill level 6 in Axes
  2463 | D:4      | Reached skill level 5 in Armour
  2463 | D:4      | Reached skill level 1 in Stealth
  2463 | D:4      | Reached XP level 6. HP: 52/53 MP: 5/5
  2510 | D:4      | Found a runed translucent door.
  2511 | D:4      | Noticed TheBioAlchemist's ghost (amateur SpEn)
  2623 | D:4      | Killed TheBioAlchemist's ghost
  2624 | D:4      | Reached skill level 1 in Dodging
  2624 | D:4      | Reached XP level 7. HP: 31/60 MP: 3/6
  2774 | D:4      | Reached skill level 1 in Polearms
  2864 | D:4      | Noticed Blork the orc
  2873 | D:4      | Killed Blork the orc
  2950 | D:4      | Noticed Natasha
  2953 | D:4      | Killed Natasha
  3491 | D:4      | Noticed Edmund
  3504 | D:4      | Killed Edmund
  3505 | D:4      | Reached skill level 5 in Fighting
  3509 | D:4      | Noticed Natasha
  3515 | D:4      | Killed Natasha
  3994 | D:5      | Entered Level 5 of the Dungeon
  3999 | D:5      | Reached skill level 7 in Axes
  4048 | D:5      | Found a glowing silver altar of Zin.
  4100 | D:5      | Identified the ring of Ole Yggo {Fly rN+}
  4176 | D:5      | Reached XP level 8. HP: 58/68 MP: 7/7
  4372 | D:5      | Found a staircase to the Ecumenical Temple.
  4378 | Temple   | Entered the Ecumenical Temple
  4417 | Temple   | Became a worshipper of Gozag Ym Sagoz the Greedy
  4551 | D:5      | Found a transporter.
  4552 | D:5      | Found a transporter.
  4552 | D:5      | Noticed zenocrate's ghost (weakling DgDe)
  4992 | D:5      | Reached skill level 8 in Axes
  4996 | D:5      | Killed zenocrate's ghost
  5248 | D:6      | Reached skill level 9 in Axes
  5489 | D:6      | Reached XP level 9. HP: 74/75 MP: 8/8
  5585 | D:6      | Reached skill level 10 in Axes
  5604 | D:6      | Reached skill level 11 in Axes
  5638 | D:6      | Found a burning altar of Makhleb.
  5815 | D:6      | Found a runed translucent door.
  5816 | D:6      | Noticed Crazy Yiuf
  5821 | D:6      | Killed Crazy Yiuf
  6319 | D:7      | Reached skill level 12 in Axes
  6360 | D:7      | Reached XP level 10. HP: 82/86 MP: 9/9
  6606 | D:7      | Reached skill level 13 in Axes
  8174 | D:9      | Found a staircase to the Lair.
  8232 | D:9      | Reached skill level 14 in Axes
  8260 | D:9      | Reached skill level 10 in Armour
  8380 | D:9      | Found a broken altar of Ashenzari.
  8534 | D:9      | Noticed a centaur warrior
  8535 | D:9      | Found a runed translucent gate.
  8535 | D:9      | Found a runed translucent gate.
  8535 | D:9      | Found a runed translucent gate.
  8535 | D:9      | Noticed Gadfly's ghost (novice DsMo)
  8535 | D:9      | Noticed a brown ugly thing
  9078 | D:9      | Killed a centaur warrior
  9079 | D:9      | Reached XP level 11. HP: 35/95 MP: 5/10
  9096 | D:9      | Killed Gadfly's ghost
  9097 | D:9      | Reached skill level 15 in Axes
  9117 | D:9      | HP: 3/95 [brown ugly thing (2)]
  9117 | D:9      | Splashed by a brown ugly thing's acid

Illustrated notes

Levels and vault maps discovered:
D:1:      psy_arrival_radial02, layout_basic, serial_shops,
          nicolae_shop_tiny_real_fake_doors, minivault_27
D:2:      layout_basic, basic_ecumenical_altar
D:3:      layout_basic, nrook_mini_backslash
D:4:      minmay_wonky_spiral, layout_loops_ring, gammafunk_ghost_grave,
          uniq_edmund, uniq_blork_the_orc, uniq_natasha, uniq_menkaure,
          uniq_sigmund
D:5:      layout_basic, zin_statuary, minmay_temple_entry_fiery,
          gammafunk_ghost_smash
D:6:      layout_basic, lemuel_coloured_pillars_altar, dreamdust_gnoll_farm,
          uniq_crazy_yiuf_cottage
D:7:      layout_cave_pools, blue_anna_alchemist, kennysheep_potato
D:8:      layout_basic
D:9:      layout_cave_pods, mainiacjoe_overflow_24_doors, dpeg_oklobed_lair,
          gammafunk_ghost_split
Temple:   mainiacjoe_temple_bowtie_tessellation

Skill      XL: |  1  2  3  4  5  6  7  8  9 10 11 |
---------------+----------------------------------+-----
Axes           | 3 4 5 6 7 9 12 14 15 | 15.0
Armour         | 4 5 7 8 9 10 | 10.6
Fighting       | 4 5 6 7 8 |  8.9
Shields        | 4 |  4.1
Stealth        | 1 |  1.9
Dodging        | 1 2 3 |  3.8
Polearms       | 2 |  2.8

Action                     |  1- 3 |  4- 6 |  7- 9 | 10-12 || total
---------------------------+-------+-------+-------+-------++-------
  Melee: War axe           |    65 |     8 |       |       ||    73
         Headbutt          |     8 |     3 |    34 |    19 ||    64
         Halberd           |       |    56 |    15 |       ||    71
         Battleaxe         |       |       |   207 |   180 ||   387
    Use: Scroll            |       |       |     9 |     1 ||    10
         Potion            |       |       |       |     1 ||     1
 Armour: Scale mail        |    44 |    67 |    75 |       ||   186
         Chain mail        |       |       |   118 |   296 ||   414
  Dodge: Dodged            |    28 |    25 |   142 |   120 ||   315
  Block: Buckler           |    18 |       |       |       ||    18
